Map: Catalyseur EC

Players

MANRUS

  • Race: Zerg Zerg
  • Spawn Location: 5:00

HoldTheDoor - Winner!

  • Race: Protoss Protoss
  • League: Diamond
  • Spawn Location: 11:00

VOD

Have the link to the VOD?

Description

Time

  • Played on: July 4, 2018, 10:01 a.m.
  • Length: 8:05
Show
View Real Time Build Order
Export as new Build Order

MANRUS Zerg 

Build Orders: Hatch First 

Get SALT Encoding   

  12  0:28  Hatchery  
  12  0:31  Drone  
  12  0:37  Drone  
  12  0:41  Drone  
  14  1:05  Spawning Pool  
  14  1:10  Drone  
  14  1:15  Extractor  
  14  1:17  Extractor  
  14  1:18  Overlord  
  12  1:23  Drone  
  12  1:25  Drone  
  16  1:42  Drone x2  
  18  1:52  Queen x2  
  22  1:56  Drone  
  22  1:59  Drone  
  24  2:02  Drone  
  24  2:05  Drone  
  26  2:10  Extractor  
  26  2:11  Drone  
  26  2:15  Overlord  
  26  2:24  Zergling x2  
  26  2:25  Zergling x2  
  28  2:31  Overlord  
  28  2:38  Drone x2  
  30  2:49  Drone x2  
  32  3:00  Hatchery  
  32  3:01  Drone x4  
  35  3:06  Drone x2  
  36  3:21  Zergling x2, Spore Crawler  
  36  3:22  Zergling x6  
  36  3:25  Metabolic Boost  
  39  3:30  Drone  
  40  3:36  Overlord  
  40  3:38  Drone x3  
  43  3:44  Overlord  
  43  3:51  Extractor  
  43  3:53  Queen x2  
  46  4:01  Drone x4  
  50  4:03  Drone  
  50  4:08  Extractor  
  50  4:11  Extractor  
  49  4:17  Evolution Chamber  
  49  4:18  Evolution Chamber  
  49  4:19  Drone x2  
  49  4:20  Drone x3  
  52  4:29  Drone x3  
  55  4:39  Zergling x6  
  55  4:40  Zergling x6  
  61  4:49  Queen  
  61  4:50  Queen  
  65  5:02  Queen  
  65  5:03  Baneling Nest  
  66  5:08  Zerg Ground Armor Level 1  
  66  5:09  Zerg Melee Weapons Level 1  
  66  5:10  Overlord  
  66  5:14  Overlord x2  
  66  5:25  Overlord x2  
  66  5:36  Drone x5  
  66  5:37  Drone x4  
  75  5:48  Zergling x6  
  75  5:49  Zergling x4  
  80  5:51  Lair  
  80  6:00  Drone x5  
  85  6:07  Spore Crawler  
  84  6:11  Baneling  
  84  6:12  Baneling x17  
  82  6:36  Drone  
  82  6:37  Drone x15  
  82  6:39  Extractor  
  97  6:41  Extractor  
  96  6:48  Roach Warren  
  96  6:52  Hydralisk Den  
  94  6:54  Infestation Pit  
  94  7:00  Spire  
  92  7:19  Queen x2  
  96  7:25  Hydralisk x4  
  96  7:26  Zergling x4  
  82  7:47  Zergling x6  
  82  7:48  Zergling x16  
Show
View Real Time Build Order
Export as new Build Order

HoldTheDoor Protoss - Winner!

Build Orders: 1 Gate Expand 

Get SALT Encoding   

  12  0:00  Probe  
  13  0:13  Probe  
  14  0:20  Pylon  
  14  0:25  Probe  
  15  0:37  Probe  
  16  0:45  Probe  
  16  0:47  Assimilator, Gateway  
  17  0:53  Probe  
  18  1:06  Probe  
  19  1:27  Nexus  
  19  1:35  Cybernetics Core  
  19  1:39  Probe  
  20  1:44  Assimilator  
  20  1:52  Probe  
  21  1:57  Pylon  
  21  2:04  Probe  
  22  2:16  Probe  
  22  2:17  Warp Gate, Adept  
  25  2:24  Gateway  
  25  2:28  Probe  
  26  2:39  Twilight Council  
  26  2:41  Probe  
  26  2:43  Probe  
  28  2:48  Sentry  
  30  2:53  Probe  
  30  2:57  Probe  
  32  3:04  Pylon  
  32  3:05  Probe  
  33  3:09  Probe  
  33  3:11  Adept  
  36  3:17  Probe  
  36  3:18  Resonating Glaives  
  36  3:19  Adept  
  39  3:25  Probe  
  39  3:26  Pylon  
  40  3:35  Probe  
  40  3:38  Probe  
  42  3:46  Robotics Facility  
  42  3:48  Probe  
  42  3:50  Probe  
  44  3:56  Gateway  
  44  4:01  Probe  
  45  4:05  Pylon  
  45  4:07  Probe  
  46  4:13  Probe  
  47  4:20  Gateway  
  47  4:23  Sentry  
  47  4:24  Sentry  
  51  4:34  Warp Prism  
  53  4:48  Gateway  
  53  4:50  Gateway  
  53  4:52  Gateway  
  53  4:57  Adept x2, Gateway  
  53  4:59  Pylon  
  57  5:01  Immortal  
  61  5:15  Pylon  
  61  5:24  Probe x2  
  61  5:28  Adept x4  
  71  5:45  Immortal  
  71  5:47  Adept  
  77  5:50  Adept x4  
  85  6:06  Pylon  
  85  6:07  Pylon  
  85  6:08  Pylon  
  85  6:09  Pylon  
  85  6:11  Pylon  
  85  6:12  Pylon  
  83  6:34  Adept x3  
  83  6:35  Adept x3  
  83  6:36  Adept  
  97  6:45  Pylon  
  97  6:46  Pylon  
  97  6:49  Pylon  
  97  7:05  Adept x5  
  97  7:06  Adept x2  
  105  7:34  Adept  
  105  7:35  Adept x7  
Tags
 
Add a new tag
Caveats
  • Supply blocks, unpowered buildings, or Contaminate may cause inaccurate times.
  • Supply counts are checked every 10 seconds.